 Dungeon Crawl Stone Soup version 0.22-a0-570-g58866f5 (webtiles) character file.

8320 inc the Slicer (level 11, -7/71 HPs)
             Began as an Octopode Fire Elementalist on June 30, 2018.
             Was an Initiate of Gozag.
             Splashed by a centaur's acid (13 damage)
             ... on level 11 of the Dungeon.
             The game lasted 00:28:51 (15275 turns).

inc the Slicer (Octopode Fire Elementalist)        Turns: 15275, Time: 00:28:52

Health: -7/71      AC:  3    Str:  7    XL:     11   Next: 29%
Magic:  4/14       EV: 14    Int: 21    God:    Gozag
Gold:   896        SH: 12    Dex: 15    Spells: 10/14 levels left

rFire    . . .     SeeInvis +   a - +5 short sword (vamp)
rCold    . . .     Gourm    .   k - +1 shield
rNeg     . . .     Faith    .   (helmet restricted)
rPois    .         Spirit   .   (no amulet)
rElec    .         Reflect  .   h - ring of see invisible
rCorr    .         Harm     .   d - +2 ring of evasion
MR       .....                  (no ring)
Stlth    +++.......             (no ring)
HPRegen  0.21/turn              (no ring)
MPRegen  0.14/turn              (no ring)
                                (no ring)
                                (no ring)

@: no status effects
A: almost no armour, stealthy swim, amphibious, 8 rings, constrict 8, yellow
scales 1, camouflage 1, agile 1, gelatinous body 1
a: Potion Petition, Call Merchant, Bribe Branch, Renounce Religion


You were on level 11 of the Dungeon.
You worshipped Gozag.
Gozag was pleased with you.
You were full.

You visited 2 branches of the dungeon, and saw 12 of its levels.
You also visited: Sewer.

You collected 1156 gold pieces.
You spent 160 gold pieces at shops.
You paid 100 gold pieces to Gozag.

Inventory:

Hand Weapons
 a - a +5 vampiric short sword (weapon)
Armour
 k - a +1 shield (worn)
Jewellery
 d - a +2 ring of evasion (right tentacle)
 h - a ring of see invisible (left tentacle)
Wands
 r - a wand of paralysis (4)
 x - a wand of flame (30)
 y - a wand of disintegration (11)
Scrolls
 b - 8 scrolls of teleportation
 l - 3 scrolls of fear
 n - 4 scrolls of remove curse
 o - a scroll of immolation {unknown}
 q - a scroll of amnesia
 s - 3 scrolls of magic mapping
 t - a scroll of blinking {unknown}
 u - 2 scrolls of identify
 v - 2 scrolls of fog
 z - a scroll of torment {unknown}
Potions
 e - 5 potions of might {unknown}
 f - a potion of ambrosia
 g - 2 potions of magic {unknown}
 i - 4 potions of mutation
 j - a potion of resistance {unknown}
 m - 3 potions of brilliance
 p - 2 potions of haste {unknown}
 w - 2 potions of flight {unknown}
 A - a potion of cancellation {unknown}
 B - a potion of berserk rage {unknown}
 C - a potion of curing
Comestibles
 c - 9 rations


   Skills:
 - Level 5.0 Fighting
 - Level 12.0 Short Blades
 - Level 2.0 Dodging
 - Level 2.6 Stealth
 - Level 10.2 Shields
 - Level 2.0 Spellcasting
 + Level 2.1 Conjurations
 - Level 3.0 Fire Magic
 + Level 1.7 Air Magic
 + Level 2.1 Poison Magic


You had 10 spell levels left.
You knew the following spells:

 Your Spells              Type           Power        Failure   Level  Hunger
a - Flame Tongue          Conj/Fire      ##...        10%         1    #......
b - Mephitic Cloud        Conj/Pois/Air  ##......     34%         3    ###....

Your spell library contained the following spells:

 Spells                   Type           Power        Failure   Level  Hunger
 Fireball                 Conj/Fire      ##........   95%         5    ######.
 Conjure Flame            Conj/Fire      ##......     28%         3    ###....
 Throw Flame              Conj/Fire      ##....       14%         2    ##.....
 Venom Bolt               Conj/Pois      ##........   97%         5    ######.
 Olgreb's Toxic Radiance  Pois           ##......     75%         4    #####..
 Sticky Flame             Conj/Fire      ##......     67%         4    #####..
 Sting                    Conj/Pois      ##..         12%         1    #......
 Inner Flame              Hex/Fire       #.......     41%         3    ###....
 Poisonous Vapours        Pois/Air       ##....       19%         2    ##.....


Dungeon Overview and Level Annotations

Branches:
Dungeon (11/15)            Temple (1/1) D:7            Lair (0/6) D:11
    Orc: D:9-12

Altars:
Ashenzari
Cheibriados
Dithmenos
Elyvilon
Fedhas
Gozag
Hepliaklqana
Kikubaaqudgha
Makhleb
Nemelex Xobeh
Okawaru
Qazlal
Ru
Sif Muna
Trog
Uskayaw
Vehumet
Wu Jian
Xom
Yredelemnul
Zin
The Shining One

Shops:
D:8 }[=


Innate Abilities, Weirdness & Mutations

You cannot wear most types of armour.
You are very stealthy in the water. (Stealth+)
You are amphibious.
You can wear up to eight rings at the same time.
You can use your tentacles to constrict eight enemies at once.
Your skin changes colour to match your surroundings (Stealth+).
Your rubbery body absorbs attacks. (AC +1, EV +1)
You are partially covered in yellow scales. (AC +2)
You are agile. (Dex +2)


Message History

You squeeze the centaur, but do no damage.
The centaur wields a shortbow.
The centaur shoots an arrow.
The arrow closely misses you. The centaur hits you!
Unknown command.
You hit the centaur.
The centaur is lightly wounded.
The centaur hits you!
The centaur zaps a wand.
The bolt of acid misses you.
The centaur shoots an arrow.
The arrow completely misses you.
Unknown command.
The centaur wields a shortbow.
The centaur shoots an arrow.
You block the arrow.
The centaur wields a shortbow.
The centaur shoots an arrow.
The arrow hits you!
The centaur shoots an arrow.
The arrow hits you!
You see here 5 arrows.
The centaur shoots an arrow.
The arrow hits you.
The centaur zaps a wand.
The bolt of acid hits you!
* * * LOW HITPOINT WARNING * * *
You are splashed with acid!
The acid burns!
You die...
Your body crumbles into a pile of gold.

#######....####
##..........#
............#
####....c..#
#...n...# #.......#
. #.......#
....#####c......###
.......@(c.>.......
##''######...######
#...# ##...# #....#
#....# #....#
#....# #....#


You could see a necrophage and 3 centaurs.

Vanquished Creatures
  2 two-headed ogres
  2 trolls
  2 hippogriffs
  2 slime creatures
  2 wyverns
  3 hogs (D:9)
  Eustachio (D:6)
  A yak (D:9)
  A human (D:9)
  Menkaure (D:7)
  3 orc warriors
  A sky beast (D:5)
  2 ice beasts
  2 phantoms
  A necrophage (D:11)
  7 ogres
  An eye of draining (D:11)
  3 centaurs
  A crocodile (D:10)
  2 bullfrogs (Sewer)
  A gnoll sergeant (D:9)
  A wyvern zombie (D:6)
  2 scorpions (D:5)
  15 wights
  2 howler monkeys
  5 crimson imps
  2 bullfrog zombies (D:6)
  A quasit (D:8)
  3 centaur zombies (D:6)
  A centaur skeleton (D:8)
  4 orc priests
  2 hounds
  A jelly (D:9)
  11 orc wizards
  3 bullfrog skeletons
  2 iguanas
  5 worker ants
  A hound zombie (D:4)
  3 hound skeletons
  A howler monkey zombie (D:5)
  3 worker ant zombies
  Robin (D:1)
  16 gnolls
  A howler monkey skeleton (D:7)
  7 river rats
  13 adders
  A shadow imp (D:8)
  3 oozes
  3 adder zombies
  An adder skeleton (D:6)
  A worm (D:2)
  A dart slug (D:5)
  11 leopard geckos
  39 orcs
  16 ball pythons
  6 giant cockroaches
  13 goblins
  7 hobgoblins
  20 jackals
  5 quokkas
  7 bats
  6 frilled lizards
  6 kobolds
  A leopard gecko skeleton (D:4)
  2 leopard gecko zombies (D:6)
  A quokka skeleton (D:6)
  25 rats
  A spectral orc (D:2)
323 creatures vanquished.

Vanquished Creatures (others)
  12 withered plants (D:6)
12 creatures vanquished.

Grand Total: 335 creatures vanquished

Notes
Turn   | Place    | Note
-------+----------+-------------------------------------------
     0 | D:1      | inc the Octopode Fire Elementalist began the quest for the Orb.
     0 | D:1      | Reached XP level 1. HP: 11/11 MP: 3/3
   230 | D:1      | Reached skill level 1 in Short Blades
   260 | D:1      | Reached XP level 2. HP: 17/17 MP: 5/5
   740 | D:2      | Reached skill level 1 in Fighting
   807 | D:2      | Reached XP level 3. HP: 23/23 MP: 6/6
   814 | D:2      | Noticed Robin
  1207 | D:1      | Reached XP level 4. HP: 7/30 MP: 7/7
  1534 | D:1      | Reached skill level 2 in Short Blades
  1771 | D:1      | Killed Robin
  2304 | D:2      | Reached skill level 1 in Shields
  2575 | D:2      | Reached XP level 5. HP: 36/36 MP: 8/8
  2682 | D:2      | Found a basalt altar of Yredelemnul.
  3526 | D:2      | Gained mutation: You are agile. (Dex +2) [potion of mutation]
  3526 | D:2      | Gained mutation: You are partially covered in yellow scales. (AC +2) [potion of mutation]
  3558 | D:2      | Reached XP level 6. HP: 34/41 MP: 9/9
  3640 | D:3      | Paralysed by an orc for 6 turns
  3649 | D:3      | Paralysed by an orc for 6 turns
  3788 | D:3      | Found a white marble altar of Elyvilon.
  4113 | D:4      | Found an iron altar of Okawaru.
  4378 | D:4      | Reached skill level 5 in Shields
  4562 | D:4      | Found a snail-covered altar of Cheibriados.
  4612 | D:4      | Reached XP level 7. HP: 45/45 MP: 10/10
  4646 | D:4      | Found a glowing drain.
  4650 | Sewer    | Entered a sewer
  5518 | D:5      | Entered Level 5 of the Dungeon
  5748 | D:5      | Reached XP level 8. HP: 49/51 MP: 11/11
  6363 | D:5      | Found a radiant altar of Vehumet.
  6378 | D:5      | Reached skill level 3 in Short Blades
  6450 | D:5      | Reached skill level 4 in Short Blades
  7348 | D:6      | Reached skill level 5 in Short Blades
  7736 | D:6      | Noticed Eustachio
  7749 | D:6      | Reached skill level 6 in Short Blades
  7749 | D:6      | Reached XP level 9. HP: 30/55 MP: 12/12
  7758 | D:6      | Killed Eustachio
  7995 | D:6      | Reached skill level 7 in Short Blades
  8261 | D:6      | Reached skill level 8 in Short Blades
  8693 | D:6      | Reached skill level 9 in Short Blades
  9335 | D:7      | Found a glowing silver altar of Zin.
  9383 | D:7      | Found a staircase to the Ecumenical Temple.
  9390 | Temple   | Entered the Ecumenical Temple
  9445 | Temple   | Became a worshipper of Gozag Ym Sagoz the Greedy
  9656 | D:7      | Noticed Menkaure
  9664 | D:7      | Killed Menkaure
  9845 | D:7      | Found a stormy altar of Qazlal.
  9987 | D:7      | Reached skill level 10 in Short Blades
 10038 | D:7      | Found a bloodstained altar of Trog.
 10223 | D:8      | Reached XP level 10. HP: 62/62 MP: 13/13
 10403 | D:8      | Found Fuil's Antique Armour Emporium.
 10512 | D:8      | Found an ancient bone altar of Kikubaaqudgha.
 10518 | D:8      | Found Jaeps's Jewellery Shop.
 10724 | D:8      | Reached skill level 11 in Short Blades
 11135 | D:8      | Found a sacrificial altar of Ru.
 11254 | D:8      | Noticed a two-headed ogre
 11375 | D:8      | Bought a +2 ring of evasion for 160 gold pieces
 11801 | D:8      | Found Woatwaat's Gadget Shop.
 11937 | D:9      | Noticed a two-headed ogre
 11946 | D:9      | Killed a two-headed ogre
 12264 | D:9      | Reached skill level 12 in Short Blades
 13287 | D:9      | Found a glowing golden altar of the Shining One.
 13407 | D:9      | Reached skill level 10 in Shields
 13449 | D:10     | Entered Level 10 of the Dungeon
 13578 | D:10     | Reached XP level 11. HP: 66/66 MP: 14/14
 13872 | D:10     | Noticed a two-headed ogre
 14143 | D:10     | Killed a two-headed ogre
 14409 | D:10     | Reached skill level 5 in Fighting
 14426 | D:10     | Learned a level 3 spell: Mephitic Cloud
 14713 | D:11     | Reached skill level 1 in Poison Magic
 14745 | D:10     | Reached skill level 1 in Air Magic
 15091 | D:11     | Found a staircase to the Lair.
 15275 | D:11     | Splashed by a centaur's acid

Vault maps used:
D:1:      lightli_arrival_windingriver
D:2:      yredelemnul_forgotten_temple_becter, uniq_robin
D:3:      old_standard_altar, minmay_misc_feat_alley, minmay_misc_feat_tower,
          minivault_4, grunt_ministairs_4, minmay_shallow_snake_nest
D:4:      lemuel_crystal_altar, old_standard_altar, gup_sewer_entry_spiral
D:5:      vehumet_altar_wand_db, first_ration
D:6:      serial_undead, serial_undead_f, serial_undead_f, serial_undead_d,
          serial_undead_e, serial_undead_e, serial_undead_e, serial_undead_b,
          minmay_misc_feat_encased, uniq_eustachio
D:7:      kennysheep_mini_moat, grunt_qazlal_clouds, old_standard_altar,
          temple_green, uniq_menkaure
D:8:      nicolae_ru_path_of_blood, lemuel_crystal_altar, serial_shops,
          nicolae_shop_stone, kennysheep_mini, nicolae_shop_trees
D:9:      tso_altar, grunt_livestock
D:11:     lair_entry_dummy
Temple:   minmay_temple_curvy_loop
Sewer:    sewer_minmay_w

Skill      XL: |  1  2  3  4  5  6  7  8  9 10 11 |
---------------+----------------------------------+-----
Short Blades   | 1 2 6 10 12 | 12.0
Fighting       | 1 2 5 |  5.0
Shields        | 1 3 5 7 8 10 | 10.2
Poison Magic   | 2 |  2.1
Air Magic      | 1 |  1.7
Conjurations   | 2 |  2.1
Dodging        | |  2.0
Stealth        | |  2.6
Spellcasting   | |  2.0
Fire Magic     | |  3.0

Action                   |  1- 3 |  4- 6 |  7- 9 | 10-12 || total
-------------------------+-------+-------+-------+-------++-------
Melee: Short sword       |    73 |   199 |   504 |   359 ||  1135
       Tentacles         |    13 |    22 |    77 |    63 ||   175
       Constrict         |    17 |    44 |    80 |    47 ||   188
 Cast: Flame Tongue      |       |     4 |       |       ||     4
  Use: Scroll            |     1 |    10 |     1 |     6 ||    18
       Potion            |       |     3 |     5 |     2 ||    10
 Stab: Sleeping          |     9 |    14 |     6 |     9 ||    38
       Distracted        |       |       |       |     4 ||     4
  Eat: Ration            |     1 |       |     4 |     4 ||     9
       Chunk             |     2 |    11 |    12 |       ||    25
Armor: Skin              |     7 |    25 |    39 |    21 ||    92
Dodge: Dodged            |    58 |    99 |   177 |    67 ||   401
Block: Shield            |       |    64 |   177 |    82 ||   323

Table legend:
 A = Spawn XP
 B = Non-spawn XP
 C = Spawn XP percentage of total XP
 D = Spawn monster count
 E = Non-spawn monster count
 F = Spawn count percentage of total count
 G = Total turns spent on level
                    A         B        C        D         E        F      G
               +---------+---------+-------+---------+---------+-------+---------
         Total |       0 |   11887 |   0.0 |       0 |     323 |   0.0 | 15275
               +---------+---------+-------+---------+---------+-------+---------
           D:1 |       0 |      86 |   0.0 |       0 |      27 |   0.0 |  1597
           D:2 |       0 |     180 |   0.0 |       0 |      35 |   0.0 |  1578
           D:3 |       0 |     127 |   0.0 |       0 |      26 |   0.0 |   866
           D:4 |       0 |     359 |   0.0 |       0 |      24 |   0.0 |  1244
           D:5 |       0 |     954 |   0.0 |       0 |      25 |   0.0 |  1612
           D:6 |       0 |    1939 |   0.0 |       0 |      48 |   0.0 |  1810
           D:7 |       0 |     638 |   0.0 |       0 |      11 |   0.0 |   781
           D:8 |       0 |    1596 |   0.0 |       0 |      33 |   0.0 |  1677
           D:9 |       0 |    2806 |   0.0 |       0 |      24 |   0.0 |  1631
          D:10 |       0 |    1739 |   0.0 |       0 |      10 |   0.0 |  1480
          D:11 |       0 |    1104 |   0.0 |       0 |      12 |   0.0 |   232
         Sewer |       0 |     359 |   0.0 |       0 |      48 |   0.0 |   549
               +---------+---------+-------+---------+---------+-------+---------
